 Seeded DCSS version 0.27.1-1-g398f81649c (webtiles) character file.

Game seed: 16833236049872184031 (custom seed)

2118 aster the Spear-Bearer (level 9, -1/71 HPs)
             Began as a Merfolk Abyssal Knight on Sept 12, 2021.
             Was a Priest of Lugonu.
             Slain by a water moccasin (9 damage)
             ... on level 6 of the Dungeon.
             The game lasted 00:12:15 (7173 turns).

aster the Spear-Bearer (Merfolk Abyssal Knight)     Turns: 7173, Time: 00:12:16

Health: -1/71      AC:  3    Str: 13    XL:     9   Next: 29%
Magic:  13/13      EV: 15    Int: 11    God:    Lugonu [***...]
Gold:   1367       SH:  0    Dex: 16    Spells: 8/8 levels left

rFire    . . .     SeeInvis +   c - +3 demon trident (venom)
rCold    . . .     Faith    .   (no shield)
rNeg     . . .     Spirit   .   b - +0 leather armour
rPois    .         Reflect  .   (no helmet)
rElec    .         Harm     .   (no cloak)
rCorr    .         Rampage  .   (no gloves)
Will     .....                  (no boots)
Stlth    ++........             (no amulet)
HPRegen  0.21/turn              g - ring of see invisible
MPRegen  0.13/turn              (no ring)

@: no status effects
A: (nimble swimmer 2), mertail
a: Renounce Religion, Depart the Abyss, Bend Space, Banish


You were on level 6 of the Dungeon.
You worshipped Lugonu.
Lugonu was most pleased with you.
You visited 1 branch of the dungeon, and saw 6 of its levels.
You visited the Abyss 1 time.

You collected 1367 gold pieces.

Inventory:

Hand Weapons
 a - a +1 spectral spear
 c - a +3 demon trident of venom (weapon)
 d - a +2 trident of holy wrath
Armour
 b - a +0 leather armour (worn)
Jewellery
 g - a ring of see invisible (left hand)
 r - a +6 ring of dexterity
 t - an amulet of the acrobat
Wands
 k - a wand of acid (16)
Scrolls
 e - a scroll of acquirement
 f - 2 scrolls of brand weapon
 i - 6 scrolls of identify
 j - 2 scrolls of noise {unknown}
 m - a scroll of torment {unknown}
 p - 2 scrolls of teleportation
Potions
 h - a potion of might
 l - a potion of magic {unknown}
 n - a potion of haste
 o - 2 potions of curing {unknown}
 q - a potion of degeneration {unknown}
 s - a potion of flight {unknown}


   Skills:
 + Level 6.5 Fighting
 * Level 10.9 Polearms
 - Level 0.6 Armour
 + Level 7.2 Dodging
 - Level 3.0 Stealth
 + Level 6.0 Invocations


You had 8 spell levels left.
You didn't know any spells.
Your spell library contained the following spells:

 Spells                   Type           Power      Damage    Failure   Level
 Corona                   Hex            0%         N/A       41%         1
 Shock                    Conj/Air       0%         1d3       41%         1
 Corpse Rot               Necr/Air       N/A        N/A       56%         2
 Ensorcelled Hibernation  Hex/Ice        0%         N/A       56%         2
 Portal Projectile        Hex/Tloc       0%         N/A       80%         3
 Swiftness                Air            0%         N/A       80%         3
 Tukima's Dance           Hex            0%         N/A       80%         3
 Airstrike                Air            0%         N/A       99%         4
 Dispel Undead            Necr           0%         3d6       99%         4
 Blade Hands              Tmut           0%         N/A       100%        5
 Excruciating Wounds      Necr           0%         N/A       100%        5
 Death Channel            Necr           0%         N/A       100%        6


Dungeon Overview and Level Annotations

Branches:
Dungeon (6/15)             Temple (0/1) D:6

Altars:
Cheibriados
Fedhas
Nemelex Xobeh
Okawaru
Qazlal
Uskayaw
Yredelemnul


Innate Abilities, Weirdness & Mutations

((You are quick and stealthy near water. (Stealth+, EV+, Speed+++)))
Your lower body shifts to a powerful aquatic tail in water.


Message History

You are too injured to fight recklessly!
The gnoll hits you with a +0 club.
You kill the gnoll!
Lugonu accepts your kill.
You are too injured to fight recklessly!
Reach: c) +3 demon trident (venom)
Press: ? - help, Dir - move target, f - gnoll
Aim: a gnoll, wielding a +0 club (about 27% to evade your +3 demon trident of venom)
You reach to attack!
You puncture the gnoll!
The gnoll is heavily wounded.
You puncture the gnoll!
You kill the gnoll!
Lugonu accepts your kill.
The gnoll sergeant hits you from afar with a +0 trident!
Reach: c) +3 demon trident (venom)
Press: ? - help, Dir - move target, f - gnoll sergeant
Aim: a gnoll sergeant, wielding a +0 trident and wearing a +0 ring mail (about 25% to evade your +3 demon trident of venom)
You reach to attack!
You hit the gnoll sergeant.
The gnoll sergeant is poisoned.
The gnoll sergeant is lightly wounded.
Reach: c) +3 demon trident (venom)
Press: ? - help, Dir - move target, f/p - gnoll sergeant
Aim: a gnoll sergeant, wielding a +0 trident and wearing a +0 ring mail (lightly wounded, very poisoned, about 25% to evade your +3 demon trident of venom)
You reach to attack!
You hit the gnoll sergeant.
The gnoll sergeant looks as sick as possible!
The gnoll sergeant is moderately wounded.
The water moccasin misses you.
The gnoll sergeant hits you from afar with a +0 trident!
* * * LOW HITPOINT WARNING * * *
Reach: c) +3 demon trident (venom)
Press: ? - help, Dir - move target, f/p - gnoll sergeant
Aim: a gnoll sergeant, wielding a +0 trident and wearing a +0 ring mail (moderately wounded, extremely poisoned, about 25% to evade your +3 demon trident of venom)
You reach to attack!
You puncture the gnoll sergeant!
The gnoll sergeant is almost dead.
The water moccasin bites you.
* * * LOW HITPOINT WARNING * * *
The gnoll sergeant hits you from afar with a +0 trident!
* * * LOW HITPOINT WARNING * * *
The water moccasin bites you!
You die...

#.# #.# #.# #.#
#### ##### #.#
#.. #...# #.#
#.# #...# #.#
#@#
#...###.###S###
+.........gg.>#
#...###.###.#.#
#...#
#.....#.####.
##'##
###S#........
#.#
#8.########.
#.# +..
#######.# #..


You could see a water moccasin, a gnoll sergeant (extremely poisoned) and a
gnoll.

Vanquished Creatures
  Pikel (D:5)
  Menkaure (D:5)
  Edmund (D:5)
  A water moccasin (D:6)
  4 ice beasts
  2 black bears
  A sky beast (D:6)
  A lemure (D:5)
  2 phantoms
  A centaur (D:6)
  An orc priest (D:4)
  2 bullfrog skeletons
  Jessica (D:3)
  Ijyb (D:5)
  An orc wizard (D:6)
  A hound zombie (D:5)
  2 hound skeletons (D:4)
  A howler monkey zombie (D:6)
  6 adders
  8 gnolls
  2 ufetubi
  2 adder skeletons (D:4)
  2 worms
  3 dart slugs (D:2)
  8 orcs
  8 ball pythons
  3 bats
  5 endoplasms
  2 giant cockroaches
  6 goblins
  7 hobgoblins
  7 kobolds
  2 quokkas
  7 frilled lizards
  8 rats
111 creatures vanquished.

Notes
Turn   | Place    | Note
-------+----------+-------------------------------------------
     0 | Abyss:1  | aster the Merfolk Abyssal Knight began the quest for the
                  | Orb.
     0 | Abyss:1  | Reached XP level 1. HP: 18/18 MP: 2/2
    23 | Abyss:1  | Noticed a sixfirhy
    24 | D:1      | Escaped the Abyss
   167 | D:1      | Reached * piety under Lugonu
   174 | D:1      | Reached XP level 2. HP: 23/24 MP: 3/3
   227 | D:1      | Found a faded altar of an unknown god.
   534 | D:1      | Reached XP level 3. HP: 29/29 MP: 4/4
  1096 | D:1      | Reached skill level 4 in Polearms
  1096 | D:1      | Reached skill level 1 in Stealth
  1317 | D:2      | Found a basalt altar of Yredelemnul.
  1473 | D:2      | Reached XP level 4. HP: 17/37 MP: 5/5
  1831 | D:2      | Reached ** piety under Lugonu
  2643 | D:3      | Noticed Jessica
  2652 | D:3      | Killed Jessica
  2653 | D:3      | Reached skill level 5 in Polearms
  2653 | D:3      | Reached XP level 5. HP: 27/42 MP: 7/7
  3076 | D:4      | Found a sparkling altar of Nemelex Xobeh.
  3118 | D:4      | HP: 2/42 [poisoned by an adder]
  3897 | D:4      | Found a snail-covered altar of Cheibriados.
  3933 | D:4      | Noticed a centaur
  4098 | D:4      | Reached XP level 6. HP: 44/48 MP: 8/8
  4191 | D:4      | Reached skill level 6 in Polearms
  4319 | D:4      | Identified 3 scrolls of acquirement
  4319 | D:4      | Acquired 1069 gold pieces
  4321 | D:4      | Acquired a +2 demon trident of venom
  4371 | D:5      | Entered Level 5 of the Dungeon
  4385 | D:5      | Noticed Menkaure
  4534 | D:5      | Killed Menkaure
  4572 | D:5      | Found a blossoming altar of Fedhas.
  4650 | D:5      | Noticed a black bear
  4659 | D:5      | Killed a black bear
  4660 | D:5      | Reached skill level 7 in Polearms
  4660 | D:5      | Reached XP level 7. HP: 44/55 MP: 9/9
  4798 | D:5      | Noticed Ijyb
  4818 | D:5      | Killed Ijyb
  5102 | D:5      | Noticed Pikel
  5127 | D:5      | Killed Pikel
  5128 | D:5      | Reached skill level 5 in Fighting
  5128 | D:5      | Reached skill level 8 in Polearms
  5128 | D:5      | Reached skill level 5 in Dodging
  5128 | D:5      | Reached XP level 8. HP: 15/63 MP: 11/11
  5415 | D:5      | Found a stormy altar of Qazlal.
  5765 | D:5      | Reached skill level 9 in Polearms
  5802 | D:5      | Noticed Edmund
  5811 | D:5      | Killed Edmund
  5812 | D:5      | Reached skill level 5 in Invocations
  6412 | D:6      | Reached skill level 10 in Polearms
  6421 | D:6      | Reached XP level 9. HP: 55/69 MP: 13/13
  6531 | D:6      | Found an iron altar of Okawaru.
  6537 | D:6      | Found a hide-covered altar of Uskayaw.
  6963 | D:6      | Reached *** piety under Lugonu
  7082 | D:6      | Found a staircase to the Ecumenical Temple.
  7173 | D:6      | Slain by a water moccasin

Illustrated notes

Levels and vault maps discovered:
D:1:      dpeg_arrival_round_b, layout_basic, shapermc_ecumenical_altar_ellora
D:2:      layout_basic, basic_altar, minmay_small_reverse_x
D:3:      layout_rooms, kennysheep_jessica_study
D:4:      layout_basic, mainiacjoe_overflow_alcove_2,
          mainiacjoe_overflow_24_doors, lightli_corner_chamber
D:5:      layout_loops_ring, grunt_temple_overflow_forces_of_nature,
          uniq_menkaure, uniq_pikel, uniq_edmund, uniq_ijyb
D:6:      minmay_chambers_of_sixes, layout_basic, jmf_multi_god_temple,
          minmay_temple_entry_offerings, minmay_ogre_servants

Skill      XL: |  1  2  3  4  5  6  7  8  9 |
---------------+----------------------------+-----
Dodging        | 3 4 5 6 7 |  7.2
Polearms       | 4 5 7 8 10 | 10.9
Stealth        | 1 2 3 |  3.0
Fighting       | 4 5 6 |  6.5
Invocations    | 3 4 5 6 |  6.0
Armour         | |  0.6

Action                   |  1- 3 |  4- 6 |  7- 9 || total
-------------------------+-------+-------+-------++-------
Melee: Spear             |   119 |   156 |       ||   275
       Trident           |       |    17 |       ||    17
       Demon trident     |       |    10 |   136 ||   146
Invok: Depart the Abyss  |     1 |       |       ||     1
       Bend Space        |       |       |     1 ||     1
  Use: Potion            |     1 |     3 |       ||     4
       Scroll            |       |     9 |       ||     9
 Stab: Sleeping          |     4 |     6 |     1 ||    11
Armor: Leather armour    |    14 |    21 |     9 ||    44
       Skin              |     2 |       |       ||     2
Dodge: Dodged            |    50 |    87 |    45 ||   182
